 Dungeon Crawl Stone Soup version 0.26-a0-466-g989023bd0d (webtiles) character file.

Game seed: 13711060085510179754

33 KristoblXynda the Slasher (level 3, -4/30 HPs)
             Began as a Draconian Gladiator on July 30, 2020.
             Slain by an ogre
             ... wielding a +0 giant club
              (15 damage)
             ... on level 2 of the Dungeon.
             The game lasted 00:01:46 (1008 turns).

KristoblXynda the Slasher (Draconian Gladiator)     Turns: 1008, Time: 00:01:47

Health: -4/30      AC:  6    Str: 16    XL:     3   Next: 12%
Magic:  3/3        EV: 13    Int:  9    God:
Gold:   37         SH:  0    Dex: 12    Spells: 2/2 levels left

rFire    . . .     SeeInvis .   a - +0 long sword
rCold    . . .     Faith    .   (no shield)
rNeg     . . .     Spirit   .   (armour unavailable)
rPois    .         Reflect  .   b - +0 hat
rElec    .         Harm     .   (no cloak)
rCorr    .                      d - +0 pair of gloves
MR       .....                  (no boots)
Stlth    +.........             (no amulet)
HPRegen  0.10/turn              f - ring of wizardry
MPRegen  0.08/turn              (no ring)

@: no status effects
A: unfitting armour, cold-blooded, AC +5
a: no special abilities


You were on level 2 of the Dungeon.
You visited 1 branch of the dungeon, and saw 2 of its levels.

You collected 37 gold pieces.

Inventory:

Hand Weapons
 a - a +0 long sword (weapon)
Missiles
 c - 3 throwing nets (quivered)
Armour
 b - a +0 hat (worn)
 d - a +0 pair of gloves (worn)
Jewellery
 f - a ring of wizardry (left hand)
Scrolls
 e - a scroll of teleportation {unknown}
 g - 2 scrolls of remove curse {unknown}
 h - a scroll of amnesia {unknown}
Potions
 i - a potion of degeneration {unknown}


   Skills:
 + Level 2.7 Fighting
 + Level 3.3 Long Blades
 + Level 2.2 Throwing
 + Level 3.0 Dodging


You had 2 spell levels left.
You didn't know any spells.
Your spell library was empty.

Dungeon Overview and Level Annotations

Branches:
Dungeon (2/15)

Altars:


Innate Abilities, Weirdness & Mutations

Your plain brown scales are hard. (AC +5)
You cannot fit into any form of body armour.
You are cold-blooded and may be slowed by cold attacks.


Message History

The ogre shouts!
An ogre is nearby!
You hit the ogre but do no damage. The ogre barely misses you.
You slash the ogre!
The ogre is moderately wounded.
The ogre barely misses you.
You riposte.
You slash the ogre!
The ogre is heavily wounded.
You hit the ogre. You tail-slap the ogre.
The ogre is almost dead.
The ogre barely misses you.
A giant cockroach comes into view.
You closely miss the ogre.
The ogre is almost dead.
The ogre hits you with a +0 giant club!!
Ouch! That really hurt!
You hit the ogre.
The ogre is almost dead.
The ogre hits you with a +0 giant club!
Ouch! That really hurt!
You die...

.>#
#########.###
........#.#.#
............#
#########.#.#.#
..รท..)......#.#
#########...#.#
#...#.######.###
#...#...@Os.....
#...########.###
#...# #...# ...#


You could see an ogre and a giant cockroach.

Vanquished Creatures
  An adder (D:2)
  An ooze (D:1)
  A dart slug (D:1)
  2 goblins (D:1)
  2 hobgoblins (D:1)
  3 kobolds
  4 bats
  2 frilled lizards (D:1)
  2 rats
18 creatures vanquished.

Notes
Turn   | Place    | Note
-------+----------+-------------------------------------------
     0 | D:1      | KristoblXynda the Draconian Gladiator began the quest for
                  | the Orb.
     0 | D:1      | Reached XP level 1. HP: 17/17 MP: 1/1
   375 | D:1      | Reached XP level 2. HP: 25/25 MP: 2/2
   749 | D:2      | Reached XP level 3. HP: 19/30 MP: 3/3
  1001 | D:2      | Noticed an ogre
  1008 | D:2      | Slain by an ogre

Illustrated notes

Levels and vault maps discovered:
D:1:      mrwooster_arrival_statue_2, layout_loops_cross,
          ebering_dispersal_statue_hall
D:2:      layout_basic

Skill      XL: |  1  2 |
---------------+-------+-----
Throwing       | 2 |  2.2
Dodging        | 3 |  3.0
Fighting       | |  2.7
Long Blades    | |  3.3

Action                   || total
-------------------------++-------
Melee: Long sword        ||    36
       Tailslap          ||     6
 Stab: Sleeping          ||     1
Armor: Skin              ||    14
Dodge: Dodged            ||    36
       Rpst.: Long sword ||    12

Table legend: (Time is in decaauts)
 A = Elapsed time spent in this place.
 B = Non-inter-level travel time spent in this place.
 C = Inter-level travel time spent in this place.
 D = Time resting spent in this place.
 E = Time spent auto-exploring this place.
 F = Levels seen in this place.
 G = Mean time per level.
                   A        B        C        D        E       F      G
               +--------+--------+--------+--------+--------+-----+--------+
         Total |   1015 |    993 |     22 |    235 |    593 |   2 |  507.5 |
       Dungeon |   1015 |    993 |     22 |    235 |    593 |   2 |  507.5 |
               +--------+--------+--------+--------+--------+-----+--------+

Top non-repeatable levels by time:
     D:1: 724 daAuts
     D:2: 291 daAuts
